PL
RICHARDSON CITY THUNDERCATS @ DETROIT RENAISSANCE
09/19/2027
 
TOP OF THE 1ST
Richardson City Thundercats batting - Pitching for Detroit Renaissance : RHP Cris Mendoza
Pitching: RHP Cris Mendoza
Batting: SHB Mitch Qualtrough 0-0: Ball
1-0: Ball
2-0: Ball
3-0: Base on Balls
Batting: LHB Fernando Ramírez 0-0: Ball
1-0: Fly out, F9 (Flyball, 89M)
Batting: RHB Javier Rivera 0-0: Ball
Mitch Qualtrough steals 2nd base
1-0: Ball
2-0: Called Strike
2-1: Fly out, F7 (Flyball, 7S)
Batting: LHB Terrence Eler 0-0: Ball
1-0: Ball
2-0: Ball
3-0: Called Strike
3-1: Base on Balls
Batting: RHB Chriss Mann 0-0: Ball
1-0: Ball
2-0: Ball
3-0: Called Strike
3-1: Base on Balls
Mitch Qualtrough to third
Terrence Eler to second
Batting: LHB Eduardo Álvarez 0-0: Ball
1-0: Called Strike
1-1: Fly out, F3 (Line Drive, 3)
Top of the 1st over - 0 run(s), 0 hit(s), 0 error(s), 3 left on base; Richardson City 0 - Detroit 0
BOTTOM OF THE 1ST
Detroit Renaissance batting - Pitching for Richardson City Thundercats : LHP Alec Pittman
Pitching: LHP Alec Pittman
Batting: LHB Yoichibei Sato 0-0: Foul Ball, location: 2F
0-1: Swinging Strike
0-2: Strikes out looking
Batting: RHB Bernardo Herrera 0-0: Called Strike
0-1: SOLO HOME RUN (Flyball, 7D), Distance : 354 ft
Batting: RHB Brent Ryan 0-0: Foul Ball, location: 2F
0-1: Called Strike
0-2: Ball
1-2: Ball
2-2: Ball
3-2: Ground out 6-3 (Groundball, 6)
Batting: SHB Valentín Guzmán 0-0: SINGLE (Groundball, 6D)
Batting: RHB Enrique Pérez 0-0: Ball
1-0: Foul Ball, location: 2F
1-1: Called Strike
1-2: Foul Ball, location: 2F
1-2: Foul Ball, location: 2F
1-2: Strikes out looking
Bottom of the 1st over - 1 run(s), 2 hit(s), 0 error(s), 1 left on base; Richardson City 0 - Detroit 1
TOP OF THE 2ND
Richardson City Thundercats batting - Pitching for Detroit Renaissance : RHP Cris Mendoza
Batting: RHB Tomás Martínez 0-0: Foul Ball, location: 2F
0-1: Swinging Strike
0-2: SINGLE (Line Drive, 6D)
Batting: RHB Juan Cabrera 0-0: Ball
1-0: Ground out 5-3 (Groundball, 56S)
Tomás Martínez to second
Batting: LHB Carroll Martin 0-0: TRIPLE (Flyball, 8RD)
Tomás Martínez scores
Batting: SHB Mitch Qualtrough 0-0: Ball
1-0: Called Strike
1-1: Foul Ball, location: 2F
1-2: Foul Ball, location: 2F
1-2: SINGLE (Groundball, 4MD)
Carroll Martin scores
Batting: LHB Fernando Ramírez 0-0: Ball
1-0: Called Strike
1-1: Ball
2-1: SINGLE (Line Drive, 4MD)
Mitch Qualtrough to second
Batting: RHB Javier Rivera 0-0: Called Strike
0-1: Called Strike
Mitch Qualtrough steals 3rd base
Fernando Ramírez to second
0-2: Fly out, F9 (Flyball, 9LSF)
Runner from 3rd tags up, SCORES, no throw
Batting: LHB Terrence Eler 0-0: Ball
1-0: Ball
2-0: Fly out, F7 (Flyball, 7S)
Top of the 2nd over - 3 run(s), 4 hit(s), 0 error(s), 1 left on base; Richardson City 3 - Detroit 1
BOTTOM OF THE 2ND
Detroit Renaissance batting - Pitching for Richardson City Thundercats : LHP Alec Pittman
Batting: LHB Ray Sears 0-0: Called Strike
0-1: Ball
1-1: Swinging Strike
1-2: Ball
2-2: Ball
3-2: Strikes out swinging
Batting: RHB Lonnie Conrad 0-0: SINGLE (Groundball, 56D)
Batting: RHB Alex Maxwell 0-0: Ball
1-0: Fly out, F8 (Flyball, 8RM)
Batting: RHB Kyle Bywaters 0-0: Ball
1-0: Called Strike
1-1: Fielders Choice at 2nd, 5-4 (Groundball, 56)
Bottom of the 2nd over - 0 run(s), 1 hit(s), 0 error(s), 0 left on base; Richardson City 3 - Detroit 1
TOP OF THE 3RD
Richardson City Thundercats batting - Pitching for Detroit Renaissance : RHP Cris Mendoza
Batting: RHB Chriss Mann 0-0: Ball
1-0: Fly out, F8 (Line Drive, 8RM)
Batting: LHB Eduardo Álvarez 0-0: Ball
1-0: Swinging Strike
1-1: Foul Ball, location: 2F
1-2: Foul Ball, location: 2F
1-2: Strikes out swinging
Batting: RHB Tomás Martínez 0-0: Ground out 4-3 (Groundball, 6)
Top of the 3rd over - 0 run(s), 0 hit(s), 0 error(s), 0 left on base; Richardson City 3 - Detroit 1
BOTTOM OF THE 3RD
Detroit Renaissance batting - Pitching for Richardson City Thundercats : LHP Alec Pittman
Batting: LHB Yoichibei Sato 0-0: Called Strike
0-1: Fly out, F8 (Flyball, 8LM)
Batting: RHB Bernardo Herrera 0-0: Foul Ball, location: 2F
0-1: Foul Ball, location: 2F
0-2: Fly out, F7 (Flyball, 7LS)
Batting: RHB Brent Ryan 0-0: Swinging Strike
0-1: Ball
1-1: Fly out, F7 (Flyball, 78S)
Bottom of the 3rd over - 0 run(s), 0 hit(s), 0 error(s), 0 left on base; Richardson City 3 - Detroit 1
TOP OF THE 4TH
Richardson City Thundercats batting - Pitching for Detroit Renaissance : RHP Cris Mendoza
Batting: RHB Juan Cabrera 0-0: Ground out 5-3 (Groundball, 56)
Batting: LHB Carroll Martin 0-0: Called Strike
0-1: Ball
1-1: Ball
2-1: Swinging Strike
2-2: Strikes out swinging
Batting: SHB Mitch Qualtrough 0-0: SINGLE (Flyball, 89S)
Batting: LHB Fernando Ramírez 0-0: Called Strike
0-1: Ball
1-1: Ball
2-1: Foul Ball, location: 2F
2-2: Fly out, F2 (Popup, 23)
Top of the 4th over - 0 run(s), 1 hit(s), 0 error(s), 1 left on base; Richardson City 3 - Detroit 1
BOTTOM OF THE 4TH
Detroit Renaissance batting - Pitching for Richardson City Thundercats : LHP Alec Pittman
Batting: SHB Valentín Guzmán 0-0: Ground out 6-3 (Groundball, 6D)
Batting: RHB Enrique Pérez 0-0: Called Strike
0-1: Swinging Strike
0-2: Ground out 5-3 (Groundball, 56)
Batting: LHB Ray Sears 0-0: Ground out 6-3 (Groundball, 6)
Bottom of the 4th over - 0 run(s), 0 hit(s), 0 error(s), 0 left on base; Richardson City 3 - Detroit 1
TOP OF THE 5TH
Richardson City Thundercats batting - Pitching for Detroit Renaissance : RHP Cris Mendoza
Batting: RHB Javier Rivera 0-0: Called Strike
0-1: Ball
1-1: Called Strike
1-2: Ground out 1-3 (Groundball, 13S)
Batting: LHB Terrence Eler 0-0: Ball
1-0: Fly out, F7 (Flyball, 78M)
Batting: RHB Chriss Mann 0-0: Ball
1-0: Foul Ball, location: 2F
1-1: Foul Ball, location: 2F
1-2: Foul Ball, location: 2F
1-2: Ball
2-2: Fly out, F7 (Line Drive, 7)
Top of the 5th over - 0 run(s), 0 hit(s), 0 error(s), 0 left on base; Richardson City 3 - Detroit 1
BOTTOM OF THE 5TH
Detroit Renaissance batting - Pitching for Richardson City Thundercats : LHP Alec Pittman
Batting: RHB Lonnie Conrad 0-0: Ball
1-0: Called Strike
1-1: Foul Ball, location: 2F
1-2: Foul Ball, location: 2F
1-2: SINGLE (Line Drive, 6M)
Batting: RHB Alex Maxwell 0-0: Called Strike
0-1: Called Strike
0-2: Fly out, F9 (Flyball, 89M)
Batting: RHB Kyle Bywaters 0-0: SINGLE (Groundball, 25) (infield hit)
Lonnie Conrad to second
Batting: LHB Yoichibei Sato 0-0: Ball
1-0: Ball
2-0: Called Strike
2-1: Bunt missed!
2-2: Ball
3-2: Foul Ball, location: 2F
3-2: Fly out, F9 (Flyball, 89D)
Runner from 2nd tags up, SAFE at 3rd, no throw
Batting: RHB Bernardo Herrera 0-0: Called Strike
0-1: Ball
1-1: Ball
2-1: SINGLE (Line Drive, 4MD)
Lonnie Conrad scores
Kyle Bywaters to second
Runner from 2nd tries for 3rd, SAFE, throw made to third
Batting: RHB Brent Ryan 0-0: Ball
1-0: Foul Ball, location: 2F
1-1: Fly out, F9 (Flyball, 9LS)
Bottom of the 5th over - 1 run(s), 3 hit(s), 0 error(s), 2 left on base; Richardson City 3 - Detroit 2
TOP OF THE 6TH
Richardson City Thundercats batting - Pitching for Detroit Renaissance : RHP Cris Mendoza
Batting: LHB Eduardo Álvarez 0-0: Ball
1-0: Foul Ball, location: 2F
1-1: Foul Ball, location: 2F
1-2: Fly out, F7 (Flyball, 78S)
Batting: RHB Tomás Martínez 0-0: Swinging Strike
0-1: Called Strike
0-2: Ball
1-2: Strikes out swinging
Batting: RHB Juan Cabrera 0-0: Ball
1-0: Ball
2-0: Called Strike
2-1: Ground out 1-3 (Groundball, 15S)
Top of the 6th over - 0 run(s), 0 hit(s), 0 error(s), 0 left on base; Richardson City 3 - Detroit 2
BOTTOM OF THE 6TH
Detroit Renaissance batting - Pitching for Richardson City Thundercats : LHP Alec Pittman
Batting: SHB Valentín Guzmán 0-0: Ball
1-0: Called Strike
1-1: Ball
2-1: Ball
3-1: Fly out, F5 (Popup, 56)
Batting: RHB Enrique Pérez 0-0: Ball
1-0: Ground out 6-3 (Groundball, 56D)
Batting: LHB Ray Sears 0-0: Ball
1-0: Ball
2-0: Called Strike
2-1: Ball
3-1: Foul Ball, location: 2F
3-2: Foul Ball, location: 2F
3-2: Foul Ball, location: 2F
3-2: Foul Ball, location: 2F
3-2: Base on Balls
Batting: RHB Lonnie Conrad 0-0: Fielders Choice at 2nd, 4-6 (Groundball, 4)
Bottom of the 6th over - 0 run(s), 0 hit(s), 0 error(s), 0 left on base; Richardson City 3 - Detroit 2
TOP OF THE 7TH
Richardson City Thundercats batting - Pitching for Detroit Renaissance : RHP Cris Mendoza
Batting: LHB Carroll Martin 0-0: Swinging Strike
0-1: Called Strike
0-2: Ground out 4-3 (Groundball, 4)
Batting: SHB Mitch Qualtrough 0-0: Ball
1-0: Ground out 3-1 (Groundball, 34)
Batting: LHB Fernando Ramírez 0-0: Ball
1-0: Ball
2-0: Ground out U3 (Groundball, 3)
Top of the 7th over - 0 run(s), 0 hit(s), 0 error(s), 0 left on base; Richardson City 3 - Detroit 2
BOTTOM OF THE 7TH
Detroit Renaissance batting - Pitching for Richardson City Thundercats : LHP Alec Pittman
Batting: RHB Alex Maxwell 0-0: Ground out 5-3 (Groundball, 5S)
Batting: RHB Kyle Bywaters 0-0: Foul Ball, location: 2F
0-1: Ball
1-1: Called Strike
1-2: Ball
2-2: DOUBLE (Line Drive, 9LM)
Pinch Hitting: RHB Ed Whitaker 0-0: Swinging Strike
0-1: Ball
1-1: Called Strike
1-2: Strikes out swinging
Batting: RHB Bernardo Herrera 0-0: Ball
1-0: Ball
2-0: Ground out 4-3 (Groundball, 4M)
Bottom of the 7th over - 0 run(s), 1 hit(s), 0 error(s), 1 left on base; Richardson City 3 - Detroit 2
TOP OF THE 8TH
Richardson City Thundercats batting - Pitching for Detroit Renaissance : RHP Cris Mendoza
Now in LF: Ed Whitaker
Batting: RHB Javier Rivera 0-0: Swinging Strike
0-1: Ball
1-1: Ground out 1-3 (Groundball, 13S)
Batting: LHB Terrence Eler 0-0: Called Strike
0-1: Fly out, F8 (Flyball, 8LM)
Batting: RHB Chriss Mann 0-0: Called Strike
0-1: Foul Ball, location: 2F
0-2: Ball
1-2: Foul Ball, location: 2F
1-2: Fly out, F4 (Line Drive, 4)
Top of the 8th over - 0 run(s), 0 hit(s), 0 error(s), 0 left on base; Richardson City 3 - Detroit 2
BOTTOM OF THE 8TH
Detroit Renaissance batting - Pitching for Richardson City Thundercats : LHP Alec Pittman
Batting: RHB Brent Ryan 0-0: Swinging Strike
0-1: Fly out, F9 (Flyball, 9)
Batting: SHB Valentín Guzmán 0-0: Ball
1-0: Called Strike
1-1: Ground out 6-3 (Groundball, 6)
Batting: RHB Enrique Pérez 0-0: Called Strike
0-1: Ball
1-1: Foul Ball, location: 2F
1-2: Strikes out swinging
Bottom of the 8th over - 0 run(s), 0 hit(s), 0 error(s), 0 left on base; Richardson City 3 - Detroit 2
TOP OF THE 9TH
Richardson City Thundercats batting - Pitching for Detroit Renaissance : RHP Cris Mendoza
Batting: LHB Eduardo Álvarez 0-0: Called Strike
0-1: Called Strike
0-2: Ball
1-2: Ball
2-2: Ball
3-2: Ground out 3-1 (Groundball, 34S)
Batting: RHB Tomás Martínez 0-0: Ball
1-0: Ball
2-0: Called Strike
2-1: Ground out 6-3 (Groundball, 6)
Batting: RHB Juan Cabrera 0-0: Ball
1-0: Swinging Strike
1-1: Foul Ball, location: 2F
1-2: Ground out 6-3 (Groundball, 6)
Top of the 9th over - 0 run(s), 0 hit(s), 0 error(s), 0 left on base; Richardson City 3 - Detroit 2
BOTTOM OF THE 9TH
Detroit Renaissance batting - Pitching for Richardson City Thundercats : LHP Alec Pittman
Batting: LHB Ray Sears 0-0: Foul Ball, location: 2F
0-1: Swinging Strike
0-2: Strikes out swinging
Pitching: LHP Manuel Franco
Batting: RHB Lonnie Conrad 0-0: Swinging Strike
0-1: Foul Ball, location: 2F
0-2: Fly out, F8 (Flyball, 8RS)
Batting: RHB Alex Maxwell 0-0: Ball
1-0: Foul Ball, location: 2F
1-1: Called Strike
1-2: Ball
2-2: Ball
3-2: Base on Balls
Batting: RHB Kyle Bywaters 0-0: Called Strike
0-1: Fly out, F9 (Line Drive, 9)
Bottom of the 9th over - 0 run(s), 0 hit(s), 0 error(s), 1 left on base; Richardson City 3 - Detroit 2
Saturday, May 26th, 2018 - OOTP Baseball 17.12 Build 75